Map: Romanticide LE

Players

Reynor

  • Race: Zerg Zerg
  • League: Master

LiquidClem (Clem) - Winner!

  • Race: Terran Terran
  • League: Grandmaster

Event: DreamHack SC2 Masters 2021 Summer

VOD

Have the link to the VOD?

Description

Time

  • Played on: June 5, 2021, 1:03 p.m.
  • Length: 29:25

All games in this series

Show
View Real Time Build Order
Export as new Build Order

Reynor Zerg 

Build Orders: Hatch First, Lurkers 

Get SALT Encoding   

  12  0:00  Drone  
  13  0:12  Overlord  
  13  0:17  Drone  
  14  0:30  Drone  
  14  0:31  Drone  
  16  0:47  Hatchery  
  15  0:50  Drone  
  15  0:54  Drone  
  17  0:57  Drone  
  18  1:07  Extractor  
  17  1:13  Spawning Pool  
  17  1:15  Drone  
  17  1:18  Drone  
  18  1:28  Drone  
  20  1:40  Drone  
  20  1:49  Overlord  
  20  1:59  Queen x2  
  20  2:00  Zergling x4  
  26  2:10  Drone  
  26  2:11  Drone  
  26  2:12  Metabolic Boost  
  28  2:20  Drone  
  28  2:21  Drone  
  30  2:37  Hatchery, Drone  
  30  2:40  Drone  
  30  2:44  Queen  
  30  2:51  Overlord, Drone  
  32  2:54  Drone  
  32  2:56  Drone  
  35  3:09  Queen  
  35  3:10  Drone x3  
  35  3:12  Overlord  
  40  3:19  Drone x2  
  42  3:21  Drone  
  43  3:28  Overlord  
  43  3:31  Zergling x2, Queen  
  46  3:36  Zergling x2  
  46  3:37  Overlord  
  46  3:39  Zergling x4  
  49  3:42  Zergling x2  
  49  3:46  Zergling x2  
  49  3:47  Queen  
  53  3:53  Zergling x2  
  53  3:54  Drone x3  
  57  3:57  Drone  
  57  3:59  Drone  
  57  4:01  Overlord  
  59  4:06  Drone  
  60  4:10  Queen  
  60  4:12  Drone x3  
  65  4:17  Overlord  
  65  4:20  Drone  
  66  4:25  Drone x3  
  66  4:27  Queen, Evolution Chamber  
  66  4:30  Zergling x4  
  72  4:35  Drone x3  
  72  4:36  Drone  
  72  4:40  Drone  
  72  4:41  Drone x2  
  72  4:42  Drone  
  72  4:44  Drone  
  74  4:49  Queen  
  74  4:50  Queen  
  77  4:55  Drone x4  
  77  4:58  Zerg Ground Armor Level 1  
  81  5:03  Queen, Extractor  
  81  5:05  Overlord  
  82  5:07  Overlord  
  82  5:20  Overlord  
  82  5:26  Hatchery, Drone x2, Lair  
  82  5:27  Drone  
  82  5:28  Extractor, Drone x4  
  86  5:30  Extractor  
  86  5:31  Queen  
  88  5:38  Drone  
  88  5:39  Zergling x6  
  88  5:40  Baneling Nest  
  88  5:41  Evolution Chamber  
  90  5:43  Zergling x6  
  90  5:46  Drone x3  
  90  5:47  Drone  
  90  5:48  Drone  
  98  5:52  Zergling x4  
  98  5:54  Drone x2  
  98  5:55  Overlord  
  102  5:57  Drone  
  102  6:01  Drone x3  
  102  6:03  Spore Crawler  
  105  6:06  Zergling x2  
  105  6:07  Overlord  
  105  6:09  Zerg Melee Weapons Level 1  
  106  6:14  Spore Crawler, Drone  
  106  6:15  Zergling x6, Spore Crawler  
  108  6:24  Centrifical Hooks  
  108  6:25  Drone x5  
  112  6:27  Extractor  
  112  6:28  Drone x4  
  116  6:36  Drone  
  116  6:38  Zergling x2  
  116  6:39  Pneumatized Carapace, Drone  
  119  6:41  Drone  
  119  6:42  Zergling x4, Spore Crawler  
  119  6:43  Zergling x2  
  119  6:45  Spore Crawler  
  123  6:47  Overlord  
  123  6:49  Overlord  
  123  6:50  Overlord  
  123  6:52  Overlord  
  123  7:00  Overlord  
  121  7:06  Overlord  
  121  7:07  Spore Crawler  
  121  7:09  Overlord  
  121  7:10  Zerg Ground Armor Level 2, Drone x6  
  121  7:12  Zergling x10  
  121  7:15  Baneling x7  
  132  7:17  Baneling  
  132  7:18  Drone  
  132  7:19  Drone  
  132  7:22  Zergling x2, Overseer  
  135  7:24  Baneling x4  
  133  7:32  Zergling x12  
  138  7:37  Zergling x8  
  138  7:38  Zergling x2  
  138  7:40  Overseer  
  138  7:43  Drone  
  138  7:44  Drone x2  
  146  7:45  Drone  
  146  7:46  Extractor  
  146  7:47  Drone x2  
  146  7:48  Infestation Pit  
  146  7:49  Zergling x2  
  146  7:50  Spore Crawler  
  149  7:55  Zergling x2, Spore Crawler  
  149  7:56  Hatchery  
  149  7:57  Zergling x4  
  146  7:59  Zergling x2  
  146  8:03  Zergling x6  
  146  8:04  Zerg Melee Weapons Level 2  
  146  8:05  Overlord  
  150  8:06  Baneling x6  
  150  8:07  Zergling x2  
  150  8:15  Zergling x14  
  150  8:16  Queen  
  154  8:25  Zergling x8  
  156  8:30  Zergling x12  
  156  8:32  Zergling x2  
  156  8:36  Hive  
  156  8:37  Zergling x8  
  156  8:38  Zergling x2  
  156  8:39  Hydralisk Den  
  156  8:40  Extractor x2  
  158  8:43  Zergling x8  
  158  8:47  Zergling x2  
  158  8:51  Zergling x2  
  158  8:53  Zergling x4  
  156  8:57  Zergling x2  
  156  9:02  Zergling x4  
  150  9:06  Zergling x10  
  150  9:07  Zergling x6  
  150  9:08  Baneling x10  
  157  9:13  Drone x4  
  157  9:14  Spore Crawler  
  157  9:15  Spore Crawler  
  157  9:16  Hydralisk  
  157  9:17  Zergling x6  
  164  9:20  Overlord  
  164  9:22  Hydralisk  
  166  9:25  Lurker Den, Baneling  
  166  9:29  Hydralisk  
  166  9:30  Zergling x10  
  156  9:32  Baneling x8  
  156  9:36  Overlord  
  156  9:37  Hydralisk x4  
  156  9:38  Zergling x2  
  165  9:39  Zerg Missile Weapons Level 1  
  165  9:40  Lurker Den  
  161  9:46  Drone x11  
  161  9:51  Overseer, Baneling x5  
  161  9:52  Baneling  
  171  9:53  Zergling x2  
  171  9:54  Zergling x6  
  171  10:00  Hydralisk  
  171  10:01  Zergling x2  
  171  10:06  Zergling x6  
  171  10:07  Hydralisk  
  171  10:08  Zergling x4  
  171  10:10  Zergling x2  
  171  10:12  Zergling x4  
  172  10:17  Overlord x4  
  172  10:21  Spore Crawler  
  172  10:22  Baneling x4  
  172  10:23  Spore Crawler, Baneling x3  
  172  10:24  Overlord  
  168  10:28  Zergling x4  
  168  10:29  Zergling x8  
  168  10:33  Seismic Spines  
  168  10:34  Zerg Ground Armor Level 3  
  173  10:36  Lurker  
  173  10:37  Lurker x3  
  173  10:39  Lurker  
  173  10:41  Zergling x4  
  173  10:42  Zergling x18  
  189  10:43  Drone  
  189  10:49  Drone x4  
  182  10:51  Hydralisk  
  182  10:52  Zergling x8  
  182  10:53  Hydralisk  
  182  10:54  Zergling x10  
  187  10:58  Adaptive Talons  
  187  11:03  Zergling x2, Hydralisk  
  187  11:04  Zergling x2  
  189  11:06  Hydralisk  
  189  11:07  Zergling x6  
  189  11:09  Drone x2  
  189  11:10  Drone x2  
  189  11:15  Lurker x4  
  189  11:17  Zergling x10  
  198  11:21  Zergling x2  
  198  11:22  Baneling x6  
  198  11:23  Baneling x2  
  190  11:35  Drone x5  
  190  11:36  Baneling x6  
  190  11:37  Zergling x6, Hydralisk  
  197  11:40  Overlord x2  
  171  11:54  Hydralisk  
  171  11:55  Zergling x20  
  171  11:59  Hydralisk  
  171  12:00  Zergling x8  
  178  12:02  Zergling x6  
  178  12:04  Zergling x4  
  178  12:07  Hydralisk  
  178  12:08  Zergling x4  
  185  12:09  Lurker  
  186  12:18  Zergling x10  
  179  12:26  Zergling x6  
  179  12:29  Hydralisk  
  179  12:30  Zergling x2  
  179  12:35  Zerg Melee Weapons Level 3  
  180  12:38  Zergling x10  
  180  12:40  Overseer  
  181  12:48  Hydralisk x3  
  181  12:49  Zergling x4  
  181  12:50  Queen  
  186  12:52  Baneling x3  
  186  12:53  Baneling x4  
  186  12:55  Hatchery  
  185  12:59  Hydralisk x4  
  185  13:00  Zergling x2  
  187  13:06  Zergling x12  
  187  13:07  Zergling x2, Hydralisk  
  187  13:08  Zergling x2, Hydralisk  
  187  13:09  Zergling x2  
  187  13:10  Baneling x3  
  187  13:11  Lurker x3  
  188  13:18  Drone x2  
  188  13:19  Zergling x6, Queen  
  193  13:24  Baneling x8  
  195  13:27  Zergling x2  
  195  13:29  Baneling x7  
  195  13:30  Zergling x6  
  195  13:33  Baneling x6  
  199  13:36  Muscular Augments  
  199  13:37  Drone  
  198  13:48  Zergling x4, Hydralisk x2  
  172  13:49  Zergling x10  
  172  13:50  Zergling x2, Hydralisk  
  172  13:51  Zergling x2  
  170  13:55  Zergling x6  
  170  13:56  Zergling x2  
  170  13:57  Zergling x2  
  170  14:01  Lurker x5  
  170  14:02  Zergling x2  
  175  14:06  Zergling x10  
  180  14:13  Hydralisk x3  
  180  14:14  Zergling x4  
  184  14:22  Zergling x4  
  184  14:23  Zergling x2  
  183  14:35  Viper x3  
  183  14:38  Zergling x6  
  186  14:43  Hydralisk  
  186  14:44  Zergling x2  
  171  14:47  Hydralisk x2  
  162  14:54  Zergling x4  
  162  14:57  Hatchery  
  163  15:04  Zergling x12  
  169  15:09  Zergling x4  
  169  15:13  Lurker x4  
  170  15:14  Hydralisk  
  170  15:15  Zergling x4  
  170  15:17  Zergling x4  
  170  15:21  Zergling x6  
  173  15:24  Hydralisk x2  
  173  15:25  Zergling x4  
  173  15:27  Zergling x8  
  173  15:28  Zergling x4  
  174  15:31  Zergling x2  
  174  15:32  Zergling x2  
  175  15:42  Zergling x2, Hydralisk  
  174  15:43  Zergling x4  
  170  15:51  Hydralisk  
  170  15:52  Zergling x8  
  170  15:53  Zergling x2  
  170  15:54  Lurker x6  
  170  15:55  Zergling x2  
  170  15:56  Hatchery  
  180  16:01  Zergling x2  
  180  16:03  Zergling x4  
  183  16:10  Zergling x4  
  173  16:15  Hydralisk x2  
  173  16:17  Zergling x8  
  175  16:25  Zergling x10  
  170  16:26  Lurker  
  170  16:27  Lurker x4  
  170  16:28  Zergling x2  
  170  16:29  Zergling x2  
  170  16:32  Zergling x8  
  182  16:38  Zergling x4  
  182  16:39  Zergling x2  
  185  16:40  Baneling x4  
  185  16:43  Zergling x2  
  184  16:47  Zergling x2  
  184  16:49  Zergling x2  
  184  16:52  Zergling x8  
  190  16:54  Overseer  
  190  16:56  Zergling x4  
  181  17:05  Hydralisk x2  
  181  17:06  Zergling x8  
  186  17:14  Zergling x2  
  186  17:15  Zergling x10, Overseer  
  187  17:17  Baneling x9  
  187  17:18  Zergling x2  
  187  17:23  Zergling x6  
  187  17:24  Zergling x4  
  187  17:28  Zergling x2  
  193  17:35  Zergling x8  
  185  17:39  Zergling x8  
  185  17:42  Hydralisk  
  189  17:45  Zergling x2, Hydralisk x2  
  189  17:48  Queen  
  196  17:54  Hydralisk  
  196  17:55  Zergling x8, Hydralisk  
  196  17:57  Hydralisk  
  192  18:00  Viper  
  184  18:07  Viper x2  
  184  18:08  Zergling x6  
  184  18:09  Zergling x4  
  184  18:12  Hydralisk  
  181  18:13  Zergling x2  
  181  18:17  Zergling x4, Hydralisk  
  181  18:18  Zergling x4  
  181  18:22  Zergling x14  
  181  18:25  Zergling x2  
  181  18:26  Zergling x4  
  188  18:31  Hydralisk  
  188  18:32  Zergling x2  
  191  18:34  Zergling x2  
  191  18:36  Zergling x6  
  189  18:42  Zergling x2  
  189  18:43  Zergling x4  
  189  18:47  Zergling x10  
  189  18:48  Zergling x2  
  182  18:50  Zergling x4  
  182  18:51  Adrenal Glands  
  184  19:02  Lurker x2  
  184  19:03  Lurker x2  
  184  19:04  Lurker, Hydralisk x2  
  184  19:07  Overlord x3  
  184  19:08  Overlord  
  188  19:14  Zergling x18  
  183  19:19  Hydralisk  
  183  19:20  Zergling x16  
  177  19:24  Zergling x6  
  177  19:25  Zergling x2  
  177  19:28  Zergling x6  
  177  19:30  Lurker x4  
  172  19:31  Zergling x2  
  172  19:37  Hydralisk  
  167  19:41  Hydralisk x2  
  167  19:42  Zergling x2  
  167  19:44  Zergling x2  
  164  19:47  Hydralisk x2  
  164  19:48  Zergling x2  
  164  19:51  Lurker x3  
  173  19:52  Zergling x2  
  173  19:53  Zergling x2  
  173  19:56  Zergling x2  
  163  20:07  Zergling x8  
  163  20:09  Zergling x2  
  163  20:12  Hatchery, Overseer  
  160  20:14  Viper  
  160  20:18  Viper  
  160  20:20  Lurker x2  
  159  20:21  Zergling x4  
  159  20:22  Overlord  
  159  20:23  Overlord x2, Extractor  
  159  20:24  Extractor  
  159  20:27  Overlord  
  158  20:35  Zergling x10  
  150  20:44  Zergling x4  
  150  20:50  Hydralisk  
  150  20:51  Zergling x2  
  153  20:57  Zergling x12  
  153  20:58  Zergling x2  
  160  21:05  Zergling x2  
  160  21:06  Zergling x4  
  154  21:13  Zergling x4  
  153  21:20  Zergling x4  
  153  21:24  Extractor  
  153  21:25  Zergling x8, Extractor  
  154  21:26  Unknown  
  154  21:28  Zergling x4  
  154  21:31  Zergling x4  
  154  21:32  Zergling x4  
  161  21:34  Lurker  
  161  21:35  Zergling x2  
  161  21:36  Zergling x2  
  161  21:37  Zergling x2  
  165  21:49  Overlord x3  
  165  22:05  Overlord  
  165  22:13  Lurker x2, Zergling x12  
  165  22:14  Zergling x12  
  179  22:19  Hatchery  
  177  22:29  Zergling x14  
  170  22:38  Zergling x8  
  172  22:47  Zergling x8  
  176  22:54  Zergling x4  
  176  22:55  Zergling x2  
  179  23:03  Zergling x4, Hydralisk  
  179  23:04  Zergling x2  
  183  23:10  Zergling x6  
  177  23:12  Zergling x2  
  177  23:16  Queen  
  177  23:17  Baneling x18  
  174  23:21  Zergling x12  
  171  23:28  Zergling x6, Hydralisk  
  171  23:33  Hydralisk  
  171  23:34  Zergling x2  
  164  23:41  Zergling x8  
  164  23:45  Zergling x4  
  164  23:46  Lurker x2  
  171  23:49  Zergling x8  
  171  23:54  Zergling x8  
  176  23:57  Zergling x2  
  176  24:02  Zergling x6  
  179  24:05  Zergling x2  
  179  24:07  Zergling x2  
  176  24:11  Zergling x2  
  168  24:17  Zergling x2, Hydralisk  
  168  24:18  Zergling x2  
  168  24:24  Zergling x4, Hydralisk x2  
  140  24:25  Zergling x2  
  140  24:28  Hydralisk  
  140  24:30  Zergling x2  
  140  24:31  Queen  
  147  24:34  Hydralisk x2  
  147  24:35  Zergling x6, Lurker  
  147  24:36  Lurker  
  147  24:37  Zergling x2  
  159  24:41  Zergling x4  
  159  24:42  Overseer  
  161  24:46  Hydralisk x2  
  161  24:47  Zergling x8  
  150  24:53  Zergling x6  
  150  24:58  Zergling x2, Hydralisk  
  150  24:59  Zergling x4  
  138  25:01  Zergling x2  
  138  25:03  Zergling x2  
  138  25:05  Zergling x2  
  138  25:06  Zergling x2  
  142  25:08  Zergling x4  
  142  25:11  Lurker x5  
  142  25:12  Drone x3  
  142  25:13  Drone x2  
  153  25:16  Zergling x4  
  155  25:22  Zergling x8  
  155  25:32  Zergling x16  
  153  25:40  Hydralisk  
  153  25:41  Zergling x10  
  142  25:51  Hydralisk  
  142  25:52  Zergling x10  
  142  25:54  Zergling x4  
  140  25:58  Hydralisk  
  140  25:59  Zergling x2  
  140  26:02  Zergling x4  
  134  26:07  Zergling x2, Hydralisk  
  134  26:10  Zergling x2  
  134  26:11  Hydralisk x2  
  138  26:15  Hydralisk x2  
  138  26:16  Zergling x4, Hydralisk x3  
  144  26:29  Lurker x4  
  144  26:30  Lurker, Zergling x12  
  155  26:36  Hydralisk  
  155  26:37  Zergling x4  
  154  26:45  Lurker x5  
  154  26:46  Zergling x14  
  156  26:48  Zergling x2  
  156  26:49  Baneling x3  
  156  26:50  Baneling x2  
  156  26:51  Lurker x2  
  155  27:00  Overlord  
  135  27:03  Zergling x6, Hydralisk  
  135  27:05  Zergling x2  
  135  27:08  Lurker  
  135  27:09  Lurker x2  
  135  27:12  Viper  
  135  27:14  Overseer  
  139  27:22  Hydralisk x2  
  138  27:23  Zergling x2  
  138  27:27  Hydralisk  
  138  27:29  Hydralisk  
  124  27:36  Hydralisk  
  113  27:45  Zergling x2, Hydralisk x2  
  113  27:50  Hydralisk  
  102  28:00  Lurker x2  
  102  28:01  Lurker x2  
  101  28:06  Zergling x4  
  96  28:14  Zergling x10  
  88  28:23  Lurker  
  88  28:24  Lurker x2  
  88  28:25  Zergling x4  
  93  28:30  Zergling x2  
  88  28:54  Viper  
  83  28:56  Zergling x2, Hydralisk x2  
  83  28:57  Zergling x2  
  83  29:08  Zergling x2  
Show
View Real Time Build Order
Export as new Build Order

LiquidClem Terran - Winner!

Build Orders: Reaper Expand 

Get SALT Encoding   

  12  0:00  SCV  
  13  0:12  SCV  
  14  0:17  Supply Depot  
  14  0:25  SCV  
  15  0:38  SCV  
  15  0:41  Barracks  
  16  0:43  Refinery  
  16  0:50  SCV  
  17  1:02  SCV  
  18  1:14  SCV  
  19  1:27  Orbital Command  
  19  1:28  Reaper  
  20  1:38  Command Center  
  20  1:46  Supply Depot  
  20  1:53  SCV  
  21  2:00  Marine  
  22  2:05  SCV  
  23  2:10  Factory  
  23  2:17  SCV  
  23  2:19  Barracks Reactor  
  24  2:29  SCV  
  25  2:39  Command Center  
  25  2:41  SCV  
  26  2:51  Orbital Command  
  26  2:54  SCV  
  27  3:01  Barracks Tech Lab  
  27  3:02  Barracks  
  29  3:05  Hellion  
  29  3:07  SCV  
  29  3:12  Hellion  
  32  3:16  Refinery  
  32  3:17  SCV  
  33  3:22  Marine  
  33  3:24  Stimpack  
  33  3:26  SCV  
  35  3:31  SCV  
  36  3:40  SCV  
  37  3:43  Marine, SCV  
  39  3:51  Orbital Command, Starport  
  39  3:53  SCV  
  39  3:54  Factory Reactor  
  39  3:55  Marine x2, SCV  
  40  4:01  Marine  
  44  4:06  SCV  
  44  4:07  SCV  
  44  4:08  Supply Depot  
  46  4:13  Marine x2  
  46  4:16  SCV  
  49  4:18  Marine, SCV  
  49  4:20  SCV  
  52  4:29  Barracks, SCV  
  52  4:30  SCV  
  54  4:31  Supply Depot  
  54  4:32  Marine x2  
  54  4:35  SCV  
  54  4:36  Marine  
  55  4:42  SCV  
  50  4:46  SCV  
  50  4:50  Marine x2  
  50  4:52  SCV  
  54  4:54  Engineering Bay x2, Marine, SCV  
  54  4:57  Factory Reactor  
  54  4:58  Refinery, Supply Depot  
  56  5:01  Orbital Command  
  56  5:03  Combat Shield  
  56  5:04  SCV  
  56  5:07  Refinery, SCV  
  58  5:08  Starport Reactor  
  58  5:09  Marine x2  
  60  5:14  Marine  
  60  5:16  SCV  
  60  5:19  SCV  
  63  5:21  Supply Depot  
  63  5:23  Terran Infantry Weapons Level 1, Terran Infantry Armor Level 1  
  63  5:27  SCV  
  63  5:28  SCV  
  65  5:29  Marine x2  
  65  5:31  SCV  
  65  5:32  Marine x2  
  65  5:35  Marine  
  71  5:37  Widow Mine  
  71  5:38  Widow Mine  
  71  5:39  SCV  
  71  5:40  SCV  
  77  5:43  Supply Depot, SCV  
  77  5:44  Supply Depot  
  77  5:46  Marine  
  77  5:48  Medivac x2  
  83  5:51  SCV  
  83  5:55  Marine x2  
  83  5:56  Marine x2  
  88  5:57  SCV x2  
  88  6:03  SCV  
  91  6:05  Factory  
  91  6:07  Supply Depot  
  91  6:09  Barracks x2, SCV  
  92  6:14  SCV  
  92  6:15  Marine  
  92  6:16  Refinery  
  94  6:19  Medivac x2  
  94  6:23  Widow Mine x2  
  94  6:24  Marine x3  
  94  6:25  SCV  
  103  6:26  Marine  
  103  6:30  Supply Depot  
  103  6:31  SCV  
  105  6:32  Marine  
  105  6:34  SCV  
  105  6:35  Armory  
  105  6:37  SCV  
  108  6:42  Marine x3  
  108  6:43  SCV  
  108  6:45  Supply Depot  
  108  6:46  Widow Mine, SCV  
  115  6:47  Marine  
  115  6:50  Factory Tech Lab  
  115  6:52  Hellion  
  115  6:53  Medivac x2  
  122  6:56  Marine  
  124  7:04  Command Center  
  124  7:05  SCV  
  126  7:10  Supply Depot  
  126  7:11  Barracks Reactor  
  126  7:12  Barracks Reactor, Supply Depot  
  126  7:13  Widow Mine  
  126  7:14  Widow Mine  
  128  7:18  Marine x2  
  128  7:21  Widow Mine  
  128  7:22  Marine  
  133  7:24  Supply Depot  
  133  7:27  Supply Depot  
  133  7:29  Terran Infantry Weapons Level 2  
  133  7:31  Medivac, Marine x2  
  133  7:33  Terran Infantry Armor Level 2  
  133  7:36  Marine x2  
  133  7:37  Widow Mine  
  141  7:40  Marine  
  141  7:41  Supply Depot  
  141  7:43  Widow Mine  
  144  7:46  Supply Depot  
  144  7:49  Marine x3  
  147  7:51  Supply Depot  
  147  7:52  Terran Vehicle And Ship Armor Level 1  
  147  7:53  Widow Mine  
  147  7:56  Marine  
  147  7:57  Marine  
  151  7:59  Marine x3  
  151  8:02  Marine  
  151  8:03  Supply Depot  
  157  8:06  Widow Mine x2  
  157  8:12  Marine  
  160  8:14  Medivac  
  160  8:15  Widow Mine  
  160  8:18  Marine  
  160  8:19  Marine x2  
  167  8:24  Marine  
  167  8:25  Marauder, Marine  
  167  8:26  Marine  
  165  8:27  Widow Mine x2  
  165  8:30  Medivac  
  165  8:36  Drilling Claws, Widow Mine  
  167  8:45  Medivac  
  167  8:46  Marauder  
  167  8:47  Marine  
  167  8:48  Widow Mine x2, Marine  
  169  8:49  Marine  
  169  8:50  Planetary Fortress  
  169  8:51  SCV  
  169  8:59  Widow Mine, Marine x5  
  167  9:04  Barracks  
  167  9:05  Barracks, SCV  
  167  9:08  Barracks, Marauder  
  167  9:09  SCV  
  171  9:10  Widow Mine x2  
  171  9:15  Medivac  
  173  9:18  Marine  
  173  9:20  Widow Mine  
  173  9:21  Medivac  
  178  9:27  Marine  
  178  9:29  Marauder  
  178  9:31  Widow Mine x2, Marine  
  167  9:35  SCV  
  167  9:38  Marine x2  
  168  9:39  SCV x2  
  168  9:42  Widow Mine  
  168  9:43  Marine x2  
  168  9:45  Medivac  
  178  9:50  Marauder  
  178  9:51  Marine x2  
  184  9:52  Widow Mine  
  184  9:53  Barracks Tech Lab, Widow Mine, SCV  
  184  9:56  Barracks Tech Lab x2, Command Center  
  184  9:57  Medivac  
  187  10:03  Widow Mine  
  187  10:07  Marine  
  187  10:12  Marine  
  187  10:13  Marine  
  187  10:14  Siege Tank  
  180  10:18  Marine x2  
  182  10:24  Widow Mine  
  182  10:25  SCV  
  182  10:26  Refinery, Command Center  
  182  10:27  Marauder x3  
  180  10:31  Terran Infantry Weapons Level 3  
  180  10:34  SCV  
  181  10:42  Widow Mine, Marine x2  
  185  10:43  Marauder  
  185  10:48  Marauder  
  189  10:50  Ghost Academy, SCV x2  
  189  10:52  Widow Mine  
  189  10:54  Marauder  
  189  10:55  Widow Mine  
  189  10:56  Refinery, Liberator  
  189  10:57  Marine  
  196  11:03  Widow Mine  
  194  11:04  Liberator  
  194  11:10  Marauder x2, Marine x2  
  197  11:13  Factory  
  197  11:14  Refinery  
  197  11:18  Siege Tank  
  200  11:25  Unknown  
  200  11:34  Marine  
  200  11:39  Command Center  
  200  11:44  Command Center  
  200  11:45  Widow Mine  
  198  11:47  Marauder  
  198  11:50  Marauder  
  198  11:52  Medivac  
  198  11:53  Siege Tank  
  184  11:56  Widow Mine  
  184  11:57  Marauder  
  184  11:59  Marine  
  184  12:00  Marauder  
  184  12:01  Planetary Fortress  
  177  12:09  Planetary Fortress  
  177  12:11  Marauder, Marine x2  
  177  12:16  SCV  
  177  12:18  Widow Mine  
  177  12:20  SCV  
  179  12:24  Widow Mine  
  179  12:27  Siege Tank, SCV  
  179  12:29  Marauder, Marine x3  
  189  12:31  SCV  
  189  12:35  Marauder, Marine, SCV  
  189  12:36  Marine x2  
  196  12:38  Marine  
  196  12:39  SCV  
  196  12:40  Widow Mine  
  196  12:43  Refinery x2  
  196  12:44  Factory Tech Lab  
  198  12:45  SCV x2  
  200  12:52  Missile Turret  
  200  12:59  Widow Mine  
  200  13:03  Ghost  
  200  13:05  Ghost x2  
  190  13:07  Ghost  
  190  13:10  Siege Tank x2, SCV  
  186  13:18  SCV x2  
  188  13:21  SCV  
  188  13:22  Missile Turret  
  188  13:23  Sensor Tower, SCV  
  190  13:28  Widow Mine x2  
  190  13:32  Ghost  
  190  13:33  Marine x4  
  190  13:34  Sensor Tower  
  200  13:41  Concussive Shells  
  200  13:46  Siege Tank  
  194  13:49  Marauder  
  194  13:50  Siege Tank, Marine  
  194  13:53  Marine x2  
  194  13:54  Marauder, Marine x2  
  186  13:57  Marauder  
  186  13:59  Marine  
  186  14:00  SCV x3  
  186  14:01  SCV  
  186  14:05  Marauder, Marine x2  
  190  14:12  SCV  
  190  14:14  SCV  
  190  14:19  Siege Tank  
  190  14:20  Ghost  
  195  14:24  Unknown  
  195  14:26  Ghost, Command Center  
  195  14:31  Ghost  
  197  14:36  Planetary Fortress  
  199  14:42  Siege Tank  
  199  14:43  Ghost  
  193  14:46  SCV  
  193  14:47  SCV  
  193  14:48  SCV  
  186  15:04  Ghost  
  188  15:24  Ghost  
  188  15:25  Marine  
  188  15:26  Ghost, Marine  
  188  15:27  Siege Tank, Ghost  
  187  15:29  Marine  
  187  15:33  Marine x2  
  188  15:37  Ghost  
  188  15:38  Siege Tank, SCV x2  
  188  15:42  SCV  
  189  15:59  Siege Tank  
  189  16:01  Command Center  
  189  16:03  Refinery  
  192  16:04  Refinery  
  192  16:10  Ghost  
  190  16:12  Ghost  
  190  16:13  Ghost  
  190  16:15  Siege Tank  
  191  16:19  Widow Mine x2  
  191  16:20  Marine x2  
  191  16:24  Marine  
  198  16:26  SCV  
  198  16:27  Planetary Fortress  
  198  16:32  SCV  
  196  16:33  Ghost  
  198  16:49  Ghost  
  198  16:50  Ghost  
  198  16:53  Ghost  
  193  17:02  Ghost  
  187  17:17  Ghost  
  187  17:18  Ghost, Command Center  
  187  17:21  Ghost, Missile Turret  
  191  17:30  Ghost  
  185  17:46  Ghost  
  185  17:47  Ghost  
  185  17:50  Ghost  
  191  17:52  Siege Tank  
  186  17:59  Siege Tank, Ghost  
  177  18:09  Marine  
  177  18:10  Marine  
  177  18:11  Marine  
  175  18:13  Marine  
  175  18:14  Ghost  
  175  18:16  Ghost, Marine  
  175  18:17  SCV  
  175  18:18  Ghost  
  175  18:19  SCV  
  180  18:24  Siege Tank  
  177  18:27  Ghost  
  177  18:31  Siege Tank  
  175  18:44  Ghost  
  175  18:47  Widow Mine  
  166  18:50  SCV  
  166  18:55  Ghost  
  169  18:56  Siege Tank  
  169  18:58  Orbital Command  
  170  19:03  Siege Tank  
  170  19:09  Command Center  
  173  19:14  Marine  
  173  19:15  Marine  
  173  19:16  Marauder  
  171  19:21  Marauder  
  165  19:26  Marauder  
  165  19:27  Marine x2  
  165  19:28  Marauder  
  165  19:29  Marine x2  
  177  19:39  Marauder  
  177  19:41  SCV x3  
  171  19:52  Planetary Fortress  
  159  19:53  SCV x2  
  159  19:54  Marine x2  
  159  19:55  SCV  
  159  19:56  Orbital Command  
  159  19:58  Marine  
  162  20:00  Medivac  
  162  20:04  Orbital Command  
  164  20:10  Marine x2  
  164  20:11  Marauder, SCV  
  164  20:12  Marine, SCV  
  169  20:20  Supply Depot x3  
  169  20:21  SCV  
  170  20:41  Marine x2  
  166  20:46  SCV  
  166  20:47  SCV  
  163  20:55  SCV  
  164  20:59  Refinery, Command Center, SCV  
  164  21:00  Planetary Fortress  
  164  21:01  Refinery, Unknown  
  165  21:04  Orbital Command  
  165  21:06  Orbital Command  
  162  21:11  Ghost  
  162  21:14  Medivac  
  162  21:16  SCV x2  
  162  21:18  Missile Turret, SCV x2  
  169  21:20  Ghost  
  172  21:28  SCV x2  
  172  21:30  SCV  
  172  21:31  Command Center  
  175  21:33  SCV x2  
  175  21:39  Widow Mine  
  181  21:40  Widow Mine, Marauder  
  181  21:41  Marauder  
  185  21:49  Missile Turret, Sensor Tower  
  185  21:57  Command Center  
  185  22:00  Missile Turret  
  185  22:06  Marine, SCV x2  
  188  22:09  Supply Depot  
  188  22:14  Ghost  
  190  22:16  Orbital Command  
  190  22:19  Widow Mine  
  192  22:26  Marauder  
  180  22:31  Marauder  
  180  22:32  Widow Mine  
  180  22:33  Marauder  
  180  22:34  Marine  
  173  22:39  Marine  
  173  22:40  Widow Mine  
  173  22:41  SCV  
  173  22:48  Ghost  
  175  22:53  SCV  
  175  22:54  Widow Mine  
  175  22:55  Ghost  
  180  23:00  Ghost  
  180  23:03  Widow Mine  
  180  23:04  Marine  
  177  23:05  Ghost, Refinery  
  177  23:09  Marine  
  177  23:12  Missile Turret  
  180  23:13  Missile Turret  
  180  23:15  Widow Mine  
  180  23:16  Ghost  
  180  23:19  Orbital Command  
  180  23:36  Widow Mine  
  180  23:39  Widow Mine  
  161  23:48  Planetary Fortress  
  161  23:51  Marauder  
  161  23:52  Marine x2  
  161  23:53  Marauder  
  166  23:57  Widow Mine, SCV  
  166  23:58  SCV  
  166  23:59  SCV  
  166  24:00  Widow Mine  
  173  24:07  Ghost  
  173  24:09  Medivac  
  172  24:11  Ghost  
  172  24:14  Orbital Command  
  172  24:17  Ghost  
  170  24:18  Widow Mine  
  170  24:22  Widow Mine  
  170  24:23  Ghost, Liberator  
  165  24:27  Marine x2  
  165  24:28  SCV  
  165  24:29  SCV x2  
  165  24:30  SCV x2  
  161  24:32  SCV  
  161  24:33  Marine x2  
  161  24:34  SCV  
  161  24:35  Ghost  
  167  24:40  Widow Mine, Ghost  
  167  24:41  SCV  
  167  24:43  Widow Mine  
  167  24:45  Ghost  
  174  24:51  Medivac  
  164  24:53  Marauder  
  164  24:54  Marine  
  164  24:58  Marine  
  164  24:59  SCV  
  160  25:00  SCV x2  
  160  25:01  Widow Mine  
  160  25:02  Marine x2  
  160  25:03  SCV  
  160  25:04  Widow Mine  
  160  25:05  Marauder  
  160  25:06  Marine x2  
  173  25:07  Marine  
  173  25:09  SCV  
  173  25:12  SCV  
  174  25:16  Marine x2  
  174  25:17  Marine x2  
  178  25:23  Widow Mine, Marine  
  178  25:26  Widow Mine  
  183  25:28  Marauder  
  183  25:29  Ghost  
  183  25:34  Marauder  
  177  25:39  Orbital Command  
  175  25:44  Widow Mine  
  175  25:47  Widow Mine  
  175  25:49  Ghost  
  170  25:55  Ghost  
  142  26:05  Widow Mine  
  142  26:10  Ghost, SCV x3  
  147  26:12  Marine x3  
  147  26:13  Marine x3  
  147  26:14  Refinery  
  147  26:16  Widow Mine, Marine x3  
  147  26:18  Marine  
  159  26:19  SCV  
  159  26:21  SCV  
  161  26:27  Widow Mine  
  161  26:28  Ghost  
  159  26:36  Marine  
  159  26:39  Marine  
  161  26:47  Ghost, SCV  
  156  26:59  Widow Mine x2  
  150  27:09  Marauder  
  150  27:14  Medivac  
  150  27:15  Medivac  
  154  27:20  Widow Mine x2  
  154  27:27  Marine  
  144  27:31  Marine x3  
  144  27:32  Marine  
  143  27:41  Widow Mine  
  143  27:42  Widow Mine  
  143  27:43  Marine  
  148  27:44  Medivac  
  132  27:52  Marine x2  
  132  27:53  Marine x4  
  132  27:56  Command Center  
  132  27:57  SCV  
  132  27:58  Medivac  
  134  28:00  Marine x2  
  134  28:03  Widow Mine x2  
  140  28:08  Marauder  
  140  28:12  Ghost  
  141  28:24  Widow Mine  
  143  28:27  Orbital Command  
  143  28:28  SCV x2  
  143  28:31  SCV  
  143  28:32  Ghost  
  148  28:34  Marine x2  
  148  28:35  Marauder, Marine x2, Missile Turret  
  148  28:39  Refinery, SCV  
  148  28:40  Refinery, SCV  
  156  28:43  Marine  
  156  28:46  Marine x2  
  159  28:51  Marauder  
  160  28:59  Marine  
  160  29:00  Widow Mine  
  165  29:03  Marauder  
Tags
 
Add a new tag
Caveats
  • Supply blocks, unpowered buildings, or Contaminate may cause inaccurate times.
  • Supply counts are checked every 10 seconds.